 Dungeon Crawl Stone Soup version 0.23-a0-163-g800ba1ec23 (webtiles) character file.

782 Nellup the Shield-Bearer (level 7, -3/63 HPs)
             Began as a Minotaur Fighter on Sept 9, 2018.
             Slain by a wyvern (11 damage)
             ... on level 4 of the Dungeon.
             The game lasted 00:28:46 (4928 turns).

Nellup the Shield-Bearer (Minotaur Fighter)         Turns: 4928, Time: 00:28:46

Health: -3/63      AC: 11    Str: 22    XL:     7   Next: 55%
Magic:  6/6        EV:  6    Int:  5    God:
Gold:   214        SH: 10    Dex: 10    Spells: 6/6 levels left

rFire    . . .     SeeInvis .   F - +2 war axe (venom)
rCold    . . .     Gourm    .   c - +0 shield
rNeg     . . .     Faith    .   q - +0 chain mail
rPois    .         Spirit   .   (helmet restricted)
rElec    .         Reflect  .   (no cloak)
rCorr    .         Harm     .   (no gloves)
MR       +....                  y - +0 pair of boots
Stlth    ..........             (no amulet)
HPRegen  0.20/turn              h - ring of flight (curse)
MPRegen  0.10/turn              C - ring of protection from magic

@: no status effects
A: retaliatory headbutt, horns 2
a: Evoke Flight


You were on level 4 of the Dungeon.
You were not hungry.

You visited 1 branch of the dungeon, and saw 5 of its levels.

You collected 214 gold pieces.

Inventory:

Hand Weapons
 a - a +0 flail of draining
 b - a +0 hunting sling
 r - a +0 war axe
 F - a +2 war axe of venom (weapon)
Missiles
 e - 155 stones (quivered)
 B - 14 poisoned needles
Armour
 c - a +0 shield (worn)
 q - a +0 chain mail (worn)
 y - a +0 pair of boots (worn)
Jewellery
 h - a cursed ring of flight (left hand)
 w - an uncursed ring of fire
 C - a ring of protection from magic (right hand)
Wands
 u - a wand of random effects (22)
 x - a wand of enslavement (13)
Scrolls
 j - 2 scrolls of magic mapping {unknown}
 k - a scroll of blinking {unknown}
 l - a scroll of enchant weapon {unknown}
 m - 2 scrolls of enchant armour {unknown}
 n - 4 scrolls of remove curse {unknown}
 o - 3 scrolls of teleportation
 s - 2 scrolls of amnesia {unknown}
 v - a scroll of fear {unknown}
Potions
 d - a potion of might
 g - a potion of invisibility {unknown}
 i - a potion of haste {unknown}
 p - 2 potions of agility {unknown}
 t - a potion of curing {unknown}
 z - a potion of heal wounds {unknown}
 E - a potion of degeneration {unknown}
Comestibles
 f - 8 rations
 D - 11 chunks of flesh


   Skills:
 + Level 6.3 Fighting
 + Level 4.2(4.8) Axes
 - Level 3.3(4.3) Maces & Flails
 - Level 6.0 Armour
 + Level 6.3 Shields


You had 6 spell levels left.
You didn't know any spells.
Your spell library was empty.

Dungeon Overview and Level Annotations

Branches:
Dungeon (5/15)
 Temple: D:4-7

Altars:


Innate Abilities, Weirdness & Mutations

You reflexively headbutt those who attack you in melee.
You have a pair of horns on your head.


Message History

The wyvern completely misses you.
Found a stone staircase leading up.
There is an escape hatch in the ceiling here.
You block the wyvern's attack.
The wyvern bites you but does no damage.
A mysterious force pulls you upwards. The hatch slams shut behind you.
You closely miss the wyvern. Your headbutt misses the wyvern.
The wyvern is almost dead.
The wyvern bites you!
* * * LOW HITPOINT WARNING * * *
The wyvern bites you but does no damage.
You closely miss the wyvern. Your headbutt misses the wyvern.
The wyvern is almost dead.
The wyvern looks more healthy.
You block the wyvern's attack. The wyvern bites you.
* * * LOW HITPOINT WARNING * * *
Your chain mail prevents you from hitting the wyvern.
The wyvern is almost dead.
The wyvern bites you!
You die...

##.....###.##.##...........#
#.# ##.....#
#.##.#...###.##.#.# #.#
####.### #..>......##.##.#.#
#.# # #.#
####.#....##.##.#.###.# # #.#
#.#........##.......# #.#
##.##...#######.##### #.#
####.### #...# ##.# ##+##
#.### #..# ##.@.######.#####
#.#### ##.l...#.........#
#.##.## ##........###.#.#.#
###.#...####.........###.....#
...........'.........'.......#
###.#...####...[.....####....#
# #.##..# ##........# ##.#.# #
#.###.# ##.....#.#####.#.# #
#.# #.# ##...##.........#


You could see a wyvern.

Vanquished Creatures
  A phantom (D:4)
  An ogre (D:4)
  A bullfrog (D:5)
  A howler monkey (D:4)
  A crimson imp (D:5)
  A hound (D:4)
  4 worker ants
  7 gnolls
  15 adders
  An adder skeleton (D:4)
  2 worms (D:3)
  3 dart slugs
  4 leopard geckos
  4 orcs
  2 ball pythons
  A giant cockroach (D:2)
  9 goblins
  13 hobgoblins
  15 jackals
  10 kobolds
  9 quokkas
  13 bats
  4 frilled lizards
  A leopard gecko skeleton (D:5)
  A quokka skeleton (D:3)
  7 rats
131 creatures vanquished.

Notes
Turn   | Place    | Note
-------+----------+-------------------------------------------
     0 | D:1      | Nellup the Minotaur Fighter began the quest for the Orb.
     0 | D:1      | Reached XP level 1. HP: 19/19 MP: 0/0
   295 | D:1      | Reached XP level 2. HP: 21/27 MP: 1/1
   787 | D:1      | Reached XP level 3. HP: 31/33 MP: 2/2
  1518 | D:2      | Reached XP level 4. HP: 37/41 MP: 3/3
  2228 | D:2      | Reached XP level 5. HP: 47/47 MP: 4/4
  2461 | D:3      | Reached skill level 5 in Shields
  2764 | D:3      | Reached skill level 5 in Fighting
  2782 | D:3      | Reached skill level 5 in Armour
  2812 | D:3      | Reached XP level 6. HP: 56/56 MP: 5/5
  2859 | D:3      | Reached skill level 1 in Maces & Flails
  3773 | D:4      | Reached XP level 7. HP: 62/62 MP: 6/6
  4476 | D:5      | Entered Level 5 of the Dungeon
  4903 | D:5      | Noticed a wyvern
  4928 | D:4      | Slain by a wyvern

Vault maps used:
D:1:      minmay_arrival_glassed_features
D:2:      minmay_misc_feat_doors, kennysheep_generic_room_7
D:4:      first_ration
D:5:      doesnt_xom_only_xom

Skill      XL: |  1  2  3  4  5  6  7 |
---------------+----------------------+-----
Fighting       | 4 5 6 |  6.3
Armour         | 4 5 6 |  6.0
Shields        | 4 5 6 |  6.3
Axes           | 3 4 |  4.2
Maces & Flails | 2 3 |  3.3

Action                   |  1- 3 |  4- 6 |  7- 9 || total
-------------------------+-------+-------+-------++-------
Melee: War axe           |   111 |    98 |    26 ||   235
       Headbutt          |    14 |    24 |    11 ||    49
       Flail             |       |   113 |    47 ||   160
  Use: Scroll            |       |     2 |     3 ||     5
  Eat: Chunk             |     2 |     8 |     3 ||    13
Armor: Scale mail        |    51 |    28 |       ||    79
       Chain mail        |       |   102 |    31 ||   133
Dodge: Dodged            |    33 |    57 |    24 ||   114
Block: Shield            |    60 |   116 |    34 ||   210

Table legend:
 A = Non-vault XP
 B = Vault XP
 C = Vault XP percentage of total XP
 D = Non-vault monster count
 E = Vault monster count
 F = Vault count percentage of total count
                 A         B        C        D         E       F
            +---------+---------+-------+---------+---------+-------
      Total |    1099 |      19 |   1.7 |     128 |       3 |   2.3
            +---------+---------+-------+---------+---------+-------
        D:1 |      43 |       0 |   0.0 |      26 |       0 |   0.0
        D:2 |     136 |      19 |  12.3 |      32 |       3 |   8.6
        D:3 |     209 |       0 |   0.0 |      39 |       0 |   0.0
        D:4 |     525 |       0 |   0.0 |      21 |       0 |   0.0
        D:5 |     186 |       0 |   0.0 |      10 |       0 |   0.0
            +---------+---------+-------+---------+---------+-------
